Workbook

Sheet 提出ガイド
B1: 岐南興業㈱ 指定請求書 提出ガイド
B3: 請求書記入必須項目 | I3: 電子提出手順
B4: ・ | C4: 請求日（年・月・日） | I4: ① | J4: ファイル形式 ： Excelで作成後、PDFに変換
B5: ・ | C5: 請求金額（税込） | I5: ② | J5: 送信先メールアドレス ： somu@ginan.co.jp
B6: ・ | C6: 作業所名 | I6: ③ | J6: 件名：『請求書送付（〇〇工事分）』（複数の場合は工事名省略可）
B7: ・ | C7: 注文番号（契約工事の場合） | I7: ④ | J7: 添付ファイルはパスワード設定し、別メールでパスワード送付（推奨）
B8: ・ | C8: 適格請求書発行事業者登録番号 | I8: ⑤ | J8: 注意事項：Eメール送信の場合は記名のみで押印不要
C9: 免税事業者欄（該当時○） | I9: ⑥ | J9: 提出期限：毎月15日必着（電子提出なら即時反映）
B10: ・ | C10: 担当者名
B11: ・ | C11: 請求回数（契約工事の場合）
B12: ・ | C12: 請求対象期間
B13: ・ | C13: 摘要（工種名等）
B14: ・ | C14: 契約金額（契約工事の場合）
B15: ・ | C15: 消費税額
B16: ・ | C16: 合計金額（税込）
C18: ※セルの色
D20: ←入力してください
D22: ←自動入力
C24: 提出時は、白黒印刷でお願いします。
B26: 総括表添付
B27: ・ | C27: 複数工事を請求する場合は、必ず総括表を添付してください。
B29: 注意事項
B30: ・ | C30: 毎月15日必着（15日以降は翌月末支払い）
B31: ・ | C31: 提出方法：紙または電子（PDF）いずれも可
B32: ・ | C32: 電子提出の場合、記名のみで押印不要

Sheet 総括表入力例
AF1: 請求総括表
BM2: 請求日 | BR2: 2026 | BV2: 年 | BX2: 1 | BZ2: 月 | CB2: 15 | CF2: 日
B3: 岐南興業株式会社 御中
BM5: （請求者住所・氏名・捺印・電話番号）
A7: 今回請求額 | H7: =IF(H14="","",AF23) -> 726000 | W7: （税込）
A9: 10％対象額 | J9: 消費税額 | R9: 適用税率
A10: =IF(H14="","",ROUNDDOWN(H7/1.1,0)) -> 660000 | J10: =IF(H14="","",ROUNDDOWN(H7-H7/1.1,0)) -> 66000 | R10: 0.1 | CE10: ㊞
BM11: 適格請求書発行事業者 登録番号 | CB11: 免税事業者 | CL11: 適格請求書番号入力場所
A12: 現場名 | AF12: 当月請求額（税込） | AS12: 備考 | BM12: T | BO12: =MID($CL$12,1,1) -> 1 | BP12: =MID($CL$12,2,1) -> 2 | BQ12: =MID($CL$12,3,1) -> 3 | BR12: =MID($CL$12,4,1) -> 4 | BS12: =MID($CL$12,5,1) -> 5 | BT12: =MID($CL$12,6,1) -> 6 | BU12: =MID($CL$12,7,1) -> 7 | BV12: =MID($CL$12,8,1) -> 8 | BW12: =MID($CL$12,9,1) -> 9 | BX12: =MID($CL$12,10,1) -> 0 | BY12: =MID($CL$12,11,1) -> 1 | BZ12: =MID($CL$12,12,1) -> 2 | CA12: =MID($CL$12,13,1) -> 3 | CL12: 1234567890123
BM13: 担当者 | BS13: 〇〇 〇〇 | CL13: 「T」以降の登録番号のみ入力して下さい。
A14: =契約工事用記入例!H11 -> 19010-1 | H14: =契約工事用記入例!B5 -> 〇〇建築主体工事 | AF14: 660000
A16: =単価契約常用工事用入力例!H11 -> 該当なし | H16: =単価契約常用工事用入力例!B5 -> 〇〇改修工事 | AF16: 66000 | BM16: 岐南興業（株）処理欄
H23: ＊＊ 合 計 （税込） ＊＊ | AF23: =IF(AF14="","",SUM(AF14:AR22)) -> 726000
B24: 注意事項
B25: ※太線内のみ記入してください。
B26: ※「適格請求書発行事業者登録番号」をご入力ください。 また、免税事業者の場合「免税事業者」に「○」をご入力ください。
B27: ※請求書提出期限：毎月15日までに必着（15日以降は翌月末支払いと致します。）
B28: ※提出方法：紙または電子（PDF）いずれも可。電子によるEメール送信の場合、記名のみで押印不要です。
D29: 提出方法： | J29: 紙／電子（PDF）
D30: 送信手段： | J30: 郵送／Eメール／持参

Sheet 契約工事用記入例
CB1: № | CD1: 1
B2: 岐南興業株式会社 | AF2: 請 求 書
BO3: 請求日 | BT3: 2026 | BX3: 年 | BZ3: 1 | CB3: 月 | CD3: 15 | CH3: 日
B5: 〇〇建築主体工事 | W5: 作業所 御中
E6: 下記のとおり請求いたします。 | BO6: （請求者住所・氏名・捺印・電話番号）
A9: 請求金額 | H9: =BD65 -> 660000 | W9: （税込）
A11: 注文番号 | H11: 19010-1 | X11: 適用税率 | AF11: 0.1 | CG11: ㊞ | CN11: 適格請求書番号入力場所
BO12: 適格請求書発行事業者 登録番号 | CD12: 免税事業者 | CN12: 1234567890123
A13: 納入日 （施工日） | E13: 摘 要 | X13: 数 量 | AD13: 単位 | AF13: 単 価 | AM13: 契約支払の場合のみ記入する | BD13: 金 額 （税抜） | BO13: T | BQ13: =MID($CN$12,1,1) -> 1 | BR13: =MID($CN$12,2,1) -> 2 | BS13: =MID($CN$12,3,1) -> 3 | BT13: =MID($CN$12,4,1) -> 4 | BU13: =MID($CN$12,5,1) -> 5 | BV13: =MID($CN$12,6,1) -> 6 | BW13: =MID($CN$12,7,1) -> 7 | BX13: =MID($CN$12,8,1) -> 8 | BY13: =MID($CN$12,9,1) -> 9 | BZ13: =MID($CN$12,10,1) -> 0 | CA13: =MID($CN$12,11,1) -> 1 | CB13: =MID($CN$12,12,1) -> 2 | CC13: =MID($CN$12,13,1) -> 3 | CN13: 「T」以降の登録番号のみ入力して下さい。
BO14: 担当者 | BU14: 〇〇 〇〇
AM15: 契 約 金 額 | AW15: 出来高(数量) ％ | BD15: (累 計)
A18: 46029 | E18: 〇〇工事 | AM18: 12250000 | AW18: 0.9 | BD18: 11000000
BO20: 岐南興業（株）処理欄
CL30: 〇
E48: 消費税及び地方消費税額 | AM48: =IF(H11="","",IF(H11="該当なし","",ROUNDDOWN(SUM(AM18:AV47)*0.1,0))) -> 1225000 | BD48: =IF(BD18="","",ROUNDDOWN(SUM(BD18:BM47)*0.1,0)) -> 1100000
A53: 合 計 （税込） | AF53: 契約金額 | AM53: =IF(H11="該当なし","該当なし",IF(H11="","",SUM(AM18:AV52))) -> 13475000 | AW53: ① | BD53: =IF(BD18="","",SUM(BD18:BM52)) -> 12100000
AW56: 累計請求額
AF59: 変更増減金額 | AW59: ② | BD59: 11440000
AW62: 前回迄領収高
C63: 請 求 第 | H63: 12 | L63: 回
AF65: 契約金額 計 | AM65: =IF(H11="該当なし","該当なし",IF(H11="","",SUM(AM53:AV64))) -> 13475000 | AW65: ③ （ ①－② ） | BD65: =IF(BD53="","",BD53-BD59) -> 660000
AW68: 今回請求額
E69: 対象期間 | J69: 46002 | S69: ～ | U69: 46032
AF71: 支払条件 | AM71: 毎月15日必着分 当月末払い | AW71: 契約残高 | BD71: =IF(H11="該当なし","該当なし",IF(H11="","",(AM65-BD59-BD65))) -> 1375000
A77: 注意事項
A78: ※太線内のみ記入してください。
A79: ※「適格請求書発行事業者登録番号」をご入力ください。 また、免税事業者の場合「免税事業者」に「○」をご入力ください。
A80: ※請求書提出期限：毎月15日までに必着（15日以降は翌月末支払いと致します。）
A81: ※提出方法：紙または電子（PDF）いずれも可。電子によるEメール送信の場合、記名のみで押印不要です。
B82: 提出方法： | F82: 紙／電子（PDF）
B83: 送信手段： | F83: 郵送／Eメール／持参

Sheet 単価契約常用工事用入力例
CB1: № | CD1: 1
B2: 岐南興業株式会社 | AF2: 請 求 書
BO3: 請求日 | BT3: 2026 | BX3: 年 | BZ3: 1 | CB3: 月 | CD3: 15 | CH3: 日
B5: 〇〇改修工事 | W5: 作業所 御中
E6: 下記のとおり請求いたします。 | BO6: （請求者住所・氏名・捺印・電話番号）
A9: 請求金額 | H9: =BD65 -> 66000 | W9: （税込）
A11: 注文番号 | H11: 該当なし | X11: 適用税率 | AF11: 0.1 | CG11: ㊞ | CN11: 適格請求書番号入力場所
BO12: 適格請求書発行事業者 登録番号 | CD12: 免税事業者 | CN12: 1234567890123
A13: 納入日 （施工日） | E13: 摘 要 | X13: 数 量 | AD13: 単位 | AF13: 単 価 | AM13: 契約支払の場合のみ記入する | BD13: 金 額 （税抜） | BO13: T | BQ13: =MID($CN$12,1,1) -> 1 | BR13: =MID($CN$12,2,1) -> 2 | BS13: =MID($CN$12,3,1) -> 3 | BT13: =MID($CN$12,4,1) -> 4 | BU13: =MID($CN$12,5,1) -> 5 | BV13: =MID($CN$12,6,1) -> 6 | BW13: =MID($CN$12,7,1) -> 7 | BX13: =MID($CN$12,8,1) -> 8 | BY13: =MID($CN$12,9,1) -> 9 | BZ13: =MID($CN$12,10,1) -> 0 | CA13: =MID($CN$12,11,1) -> 1 | CB13: =MID($CN$12,12,1) -> 2 | CC13: =MID($CN$12,13,1) -> 3 | CN13: 「T」以降の登録番号のみ入力して下さい。
BO14: 担当者
AM15: 契 約 金 額 | AW15: 出来高(数量) ％ | BD15: (累 計)
A18: 46029 | E18: 〇〇〇 | X18: 1 | AD18: 人 | AF18: 20000 | BD18: =X18*AF18 -> 20000
BO20: 岐南興業（株）処理欄
A23: 46030 | E23: △△△ | X23: 2 | AD23: 人 | AF23: 20000 | BD23: =X23*AF23 -> 40000
CL30: 〇
E48: 消費税及び地方消費税額 | AM48: =IF(H11="","",IF(H11="該当なし","",ROUNDDOWN(SUM(AM18:AV47)*0.1,0))) | BD48: =IF(BD18="","",ROUNDDOWN(SUM(BD18:BM47)*0.1,0)) -> 6000
A53: 合 計 （税込） | AF53: 契約金額 | AM53: =IF(H11="該当なし","該当なし",IF(H11="","",SUM(AM18:AV52))) -> 該当なし | AW53: ① | BD53: =IF(BD18="","",SUM(BD18:BM52)) -> 66000
AW56: 累計請求額
AF59: 変更増減金額 | AW59: ②
AW62: 前回迄領収高
C63: 請 求 第 | L63: 回
AF65: 契約金額 計 | AM65: =IF(H11="該当なし","該当なし",IF(H11="","",SUM(AM53:AV64))) -> 該当なし | AW65: ③ （ ①－② ） | BD65: =IF(BD53="","",BD53-BD59) -> 66000
AW68: 今回請求額
E69: 対象期間 | J69: 46002 | S69: ～ | U69: 46032
AF71: 支払条件 | AM71: 毎月15日必着分 当月末払い | AW71: 契約残高 | BD71: =IF(H11="該当なし","該当なし",IF(H11="","",(AM65-BD59-BD65))) -> 該当なし
A77: 注意事項
A78: ※太線内のみ記入してください。
A79: ※「適格請求書発行事業者登録番号」をご入力ください。 また、免税事業者の場合「免税事業者」に「○」をご入力ください。
A80: ※請求書提出期限：毎月15日までに必着（15日以降は翌月末支払いと致します。）
A81: ※提出方法：紙または電子（PDF）いずれも可。電子によるEメール送信の場合、記名のみで押印不要です。
B82: 提出方法： | F82: 紙／電子（PDF）
B83: 送信手段： | F83: 郵送／Eメール／持参

Sheet 総括表（自動入力）
AF1: 請求総括表
BM2: 請求日 | BR2: =IF(請求書!BT3="","",請求書!BT3) | BV2: 年 | BX2: =IF(請求書!BZ3="","",請求書!BZ3) | BZ2: 月 | CB2: =IF(請求書!CD3="","",請求書!CD3) | CF2: 日
B3: 岐南興業株式会社 御中
BM5: （請求者住所・氏名・捺印・電話番号）
BM6: =IF(請求書!BO7="","",請求書!BO7)
A7: 今回請求額 | H7: =IF(H14="","",AF23) | W7: （税込）
A9: 10％対象額 | J9: 消費税額 | R9: 適用税率
A10: =IF(H14="","",ROUNDDOWN(H7/1.1,0)) | J10: =IF(H14="","",ROUNDDOWN(H7-H7/1.1,0)) | R10: =IF(請求書!AF11="","",請求書!AF11) -> 0.1 | CE10: ㊞
BM11: 適格請求書発行事業者 登録番号 | CB11: 免税事業者 | CL11: 適格請求書番号入力場所
A12: 現場名 | AF12: 当月請求額（税込） | AS12: 備考 | BM12: T | BO12: =MID($CL$12,1,1) | BP12: =MID($CL$12,2,1) | BQ12: =MID($CL$12,3,1) | BR12: =MID($CL$12,4,1) | BS12: =MID($CL$12,5,1) | BT12: =MID($CL$12,6,1) | BU12: =MID($CL$12,7,1) | BV12: =MID($CL$12,8,1) | BW12: =MID($CL$12,9,1) | BX12: =MID($CL$12,10,1) | BY12: =MID($CL$12,11,1) | BZ12: =MID($CL$12,12,1) | CA12: =MID($CL$12,13,1) | CB12: =IF(請求書!CD13="","",請求書!CD13) | CL12: =IF(請求書!CN12="","",請求書!CN12)
BM13: 担当者 | BS13: =IF(請求書!BU14="","",請求書!BU14) | CL13: 「T」以降の登録番号のみ入力して下さい。
A14: =IF(請求書!H11="","",請求書!H11) | H14: =IF(請求書!B5="","",請求書!B5) | AF14: =IF(請求書!H9="","",請求書!H9)
A16: =IF(請求書２枚目!H11="","",請求書２枚目!H11) | H16: =IF(請求書２枚目!B5="","",請求書２枚目!B5) | AF16: =IF(請求書２枚目!H9="","",請求書２枚目!H9) | BM16: 岐南興業（株）処理欄
A17: =IF(請求書３枚目!H11="","",請求書３枚目!H11) | H17: =IF(請求書３枚目!B5="","",請求書３枚目!B5) | AF17: =IF(請求書３枚目!H9="","",請求書３枚目!H9)
A18: =IF(請求書4枚目!H11="","",請求書4枚目!H11) | H18: =IF(請求書4枚目!B5="","",請求書4枚目!B5) | AF18: =IF(請求書4枚目!H9="","",請求書4枚目!H9)
A19: =IF(請求書5枚目!H11="","",請求書5枚目!H11) | H19: =IF(請求書5枚目!B5="","",請求書5枚目!B5) | AF19: =IF(請求書5枚目!H9=請求書5枚目!H9="","",請求書5枚目!H9)
A20: =IF(請求書6枚目!H11="","",請求書6枚目!H11) | H20: =IF(請求書6枚目!B5="","",請求書6枚目!B5) | AF20: =IF(請求書6枚目!H9="","",請求書6枚目!H9)
A21: =IF(請求書7枚目!H11="","",請求書7枚目!H11) | H21: =IF(請求書7枚目!B5="","",請求書7枚目!B5) | AF21: =IF(請求書7枚目!H9="","",請求書7枚目!H9)
A22: =IF(請求書8枚目!H11="","",請求書8枚目!H11) | H22: =IF(請求書8枚目!B5="","",請求書8枚目!B5) | AF22: =IF(請求書8枚目!H9="","",請求書8枚目!H9)
H23: ＊＊ 合 計 （税込） ＊＊ | AF23: =IF(AF14="","",SUM(AF14:AR22))
B24: 注意事項
B25: ※太線内のみ記入してください。
B26: ※「適格請求書発行事業者登録番号」をご入力ください。 また、免税事業者の場合「免税事業者」に「○」をご入力ください。
B27: ※請求書提出期限：毎月15日までに必着（15日以降は翌月末支払いと致します。）
B28: ※提出方法：紙または電子（PDF）いずれも可。電子によるEメール送信の場合、記名のみで押印不要です。
D29: 提出方法： | J29: 紙／電子（PDF）
D30: 送信手段： | J30: 郵送／Eメール／持参

Sheet 請求書
CB1: № | CD1: 1
B2: 岐南興業株式会社 | AF2: 請 求 書
BO3: 請求日 | BX3: 年 | CB3: 月 | CH3: 日
W5: 作業所 御中
E6: 下記のとおり請求いたします。 | BO6: （請求者住所・氏名・捺印・電話番号）
A9: 請求金額 | H9: =IF(BD65="","",BD65) | W9: （税込）
A11: 注文番号 | X11: 適用税率 | AF11: 0.1 | CG11: ㊞ | CN11: 適格請求書番号入力場所
BO12: 適格請求書発行事業者 登録番号 | CD12: 免税事業者
A13: 納入日 （施工日） | E13: 摘 要 | X13: 数 量 | AD13: 単位 | AF13: 単 価 | AM13: 契約支払の場合のみ記入する | BD13: 金 額 （税抜） | BO13: T | BQ13: =MID($CN$12,1,1) | BR13: =MID($CN$12,2,1) | BS13: =MID($CN$12,3,1) | BT13: =MID($CN$12,4,1) | BU13: =MID($CN$12,5,1) | BV13: =MID($CN$12,6,1) | BW13: =MID($CN$12,7,1) | BX13: =MID($CN$12,8,1) | BY13: =MID($CN$12,9,1) | BZ13: =MID($CN$12,10,1) | CA13: =MID($CN$12,11,1) | CB13: =MID($CN$12,12,1) | CC13: =MID($CN$12,13,1) | CN13: 「T」以降の登録番号のみ入力して下さい。
BO14: 担当者
AM15: 契 約 金 額 | AW15: 出来高(数量) ％ | BD15: (累 計)
BO20: 岐南興業（株）処理欄
CL30: 〇
E48: 消費税及び地方消費税額 | AM48: =IF(H11="","",IF(H11="該当なし","",ROUNDDOWN(SUM(AM18:AV47)*0.1,0))) | BD48: =IF(BD18="","",ROUNDDOWN(SUM(BD18:BM47)*0.1,0))
A53: 合 計 （税込） | AF53: 契約金額 | AM53: =IF(H11="該当なし","該当なし",IF(H11="","",SUM(AM18:AV52))) | AW53: ① | BD53: =IF(BD18="","",SUM(BD18:BM52))
AW56: 累計請求額
AF59: 変更増減金額 | AW59: ②
AW62: 前回迄領収高
C63: 請 求 第 | L63: 回
AF65: 契約金額 計 | AM65: =IF(H11="該当なし","該当なし",IF(H11="","",SUM(AM53:AV64))) | AW65: ③ （ ①－② ） | BD65: =IF(BD53="","",BD53-BD59)
AW68: 今回請求額
E69: 対象期間 | S69: ～
AF71: 支払条件 | AM71: 毎月15日必着分 当月末払い | AW71: 契約残高 | BD71: =IF(H11="該当なし","該当なし",IF(H11="","",(AM65-BD59-BD65)))
A77: 注意事項
A78: ※太線内のみ記入してください。
A79: ※「適格請求書発行事業者登録番号」をご入力ください。 また、免税事業者の場合「免税事業者」に「○」をご入力ください。
A80: ※請求書提出期限：毎月15日までに必着（15日以降は翌月末支払いと致します。）
A81: ※提出方法：紙または電子（PDF）いずれも可。電子によるEメール送信の場合、記名のみで押印不要です。
B82: 提出方法： | F82: 紙／電子（PDF）
B83: 送信手段： | F83: 郵送／Eメール／持参

Sheet 請求書２枚目
CB1: № | CD1: 2
B2: 岐南興業株式会社 | AF2: 請 求 書
BO3: 請求日 | BT3: =IF(請求書!BT3="","",請求書!BT3) | BX3: 年 | BZ3: =IF(請求書!BZ3="","",請求書!BZ3) | CB3: 月 | CD3: =IF(請求書!CD3="","",請求書!CD3) | CH3: 日
W5: 作業所 御中
E6: 下記のとおり請求いたします。 | BO6: （請求者住所・氏名・捺印・電話番号）
BO7: =IF(請求書!BO7="","",請求書!BO7)
A9: 請求金額 | H9: =IF(BD65="","",BD65) | W9: （税込）
A11: 注文番号 | X11: 適用税率 | AF11: 0.1 | CG11: ㊞ | CN11: 適格請求書番号入力場所
BO12: 適格請求書発行事業者 登録番号 | CD12: 免税事業者 | CN12: =IF(請求書!CN12="","",請求書!CN12)
A13: 納入日 （施工日） | E13: 摘 要 | X13: 数 量 | AD13: 単位 | AF13: 単 価 | AM13: 契約支払の場合のみ記入する | BD13: 金 額 （税抜） | BO13: T | BQ13: =MID($CN$12,1,1) | BR13: =MID($CN$12,2,1) | BS13: =MID($CN$12,3,1) | BT13: =MID($CN$12,4,1) | BU13: =MID($CN$12,5,1) | BV13: =MID($CN$12,6,1) | BW13: =MID($CN$12,7,1) | BX13: =MID($CN$12,8,1) | BY13: =MID($CN$12,9,1) | BZ13: =MID($CN$12,10,1) | CA13: =MID($CN$12,11,1) | CB13: =MID($CN$12,12,1) | CC13: =MID($CN$12,13,1) | CD13: =IF(請求書!CF14="","",請求書!CF14) | CN13: 「T」以降の登録番号のみ入力して下さい。
BO14: 担当者 | BU14: =IF(請求書!BU14="","",請求書!BU14)
AM15: 契 約 金 額 | AW15: 出来高(数量) ％ | BD15: (累 計)
BO20: 岐南興業（株）処理欄
CL30: 〇
E48: 消費税及び地方消費税額 | AM48: =IF(H11="","",IF(H11="該当なし","",ROUNDDOWN(SUM(AM18:AV47)*0.1,0))) | BD48: =IF(BD18="","",ROUNDDOWN(SUM(BD18:BM47)*0.1,0))
A53: 合 計 （税込） | AF53: 契約金額 | AM53: =IF(H11="該当なし","該当なし",IF(H11="","",SUM(AM18:AV52))) | AW53: ① | BD53: =IF(BD18="","",SUM(BD18:BM52))
AW56: 累計請求額
AF59: 変更増減金額 | AW59: ②
AW62: 前回迄領収高
C63: 請 求 第 | L63: 回
AF65: 契約金額 計 | AM65: =IF(H11="該当なし","該当なし",IF(H11="","",SUM(AM53:AV64))) | AW65: ③ （ ①－② ） | BD65: =IF(BD53="","",BD53-BD59)
AW68: 今回請求額
E69: 対象期間 | J69: =IF(請求書!J69="","",請求書!J69) | S69: ～ | U69: =IF(請求書!U69="","",請求書!U69)
AF71: 支払条件 | AM71: 毎月15日必着分 当月末払い | AW71: 契約残高 | BD71: =IF(H11="該当なし","該当なし",IF(H11="","",(AM65-BD59-BD65)))
A77: 注意事項
A78: ※太線内のみ記入してください。
A79: ※「適格請求書発行事業者登録番号」をご入力ください。 また、免税事業者の場合「免税事業者」に「○」をご入力ください。
A80: ※請求書提出期限：毎月15日までに必着（15日以降は翌月末支払いと致します。）
A81: ※提出方法：紙または電子（PDF）いずれも可。電子によるEメール送信の場合、記名のみで押印不要です。
B82: 提出方法： | F82: 紙／電子（PDF）
B83: 送信手段： | F83: 郵送／Eメール／持参

Sheet 請求書３枚目
CB1: № | CD1: 3
B2: 岐南興業株式会社 | AF2: 請 求 書
BO3: 請求日 | BT3: =IF(請求書!BT3="","",請求書!BT3) | BX3: 年 | BZ3: =IF(請求書!BZ3="","",請求書!BZ3) | CB3: 月 | CD3: =IF(請求書!CD3="","",請求書!CD3) | CH3: 日
W5: 作業所 御中
E6: 下記のとおり請求いたします。 | BO6: （請求者住所・氏名・捺印・電話番号）
BO7: =IF(請求書!BO7="","",請求書!BO7)
A9: 請求金額 | H9: =IF(BD65="","",BD65) | W9: （税込）
A11: 注文番号 | X11: 適用税率 | AF11: 0.1 | CG11: ㊞ | CN11: 適格請求書番号入力場所
BO12: 適格請求書発行事業者 登録番号 | CD12: 免税事業者 | CN12: =IF(請求書!CN12="","",請求書!CN12)
A13: 納入日 （施工日） | E13: 摘 要 | X13: 数 量 | AD13: 単位 | AF13: 単 価 | AM13: 契約支払の場合のみ記入する | BD13: 金 額 （税抜） | BO13: T | BQ13: =MID($CN$12,1,1) | BR13: =MID($CN$12,2,1) | BS13: =MID($CN$12,3,1) | BT13: =MID($CN$12,4,1) | BU13: =MID($CN$12,5,1) | BV13: =MID($CN$12,6,1) | BW13: =MID($CN$12,7,1) | BX13: =MID($CN$12,8,1) | BY13: =MID($CN$12,9,1) | BZ13: =MID($CN$12,10,1) | CA13: =MID($CN$12,11,1) | CB13: =MID($CN$12,12,1) | CC13: =MID($CN$12,13,1) | CD13: =IF(請求書!CF14="","",請求書!CF14) | CN13: 「T」以降の登録番号のみ入力して下さい。
BO14: 担当者 | BU14: =IF(請求書!BU14="","",請求書!BU14)
AM15: 契 約 金 額 | AW15: 出来高(数量) ％ | BD15: (累 計)
BO20: 岐南興業（株）処理欄
CL30: 〇
E48: 消費税及び地方消費税額 | AM48: =IF(H11="","",IF(H11="該当なし","",ROUNDDOWN(SUM(AM18:AV47)*0.1,0))) | BD48: =IF(BD18="","",ROUNDDOWN(SUM(BD18:BM47)*0.1,0))
A53: 合 計 （税込） | AF53: 契約金額 | AM53: =IF(H11="該当なし","該当なし",IF(H11="","",SUM(AM18:AV52))) | AW53: ① | BD53: =IF(BD18="","",SUM(BD18:BM52))
AW56: 累計請求額
AF59: 変更増減金額 | AW59: ②
AW62: 前回迄領収高
C63: 請 求 第 | L63: 回
AF65: 契約金額 計 | AM65: =IF(H11="該当なし","該当なし",IF(H11="","",SUM(AM53:AV64))) | AW65: ③ （ ①－② ） | BD65: =IF(BD53="","",BD53-BD59)
AW68: 今回請求額
E69: 対象期間 | J69: =IF(請求書!J69="","",請求書!J69) | S69: ～ | U69: =IF(請求書!U69="","",請求書!U69)
AF71: 支払条件 | AM71: 毎月15日必着分 当月末払い | AW71: 契約残高 | BD71: =IF(H11="該当なし","該当なし",IF(H11="","",(AM65-BD59-BD65)))
A77: 注意事項
A78: ※太線内のみ記入してください。
A79: ※「適格請求書発行事業者登録番号」をご入力ください。 また、免税事業者の場合「免税事業者」に「○」をご入力ください。
A80: ※請求書提出期限：毎月15日までに必着（15日以降は翌月末支払いと致します。）
A81: ※提出方法：紙または電子（PDF）いずれも可。電子によるEメール送信の場合、記名のみで押印不要です。
B82: 提出方法： | F82: 紙／電子（PDF）
B83: 送信手段： | F83: 郵送／Eメール／持参

Sheet 請求書4枚目
CB1: № | CD1: 4
B2: 岐南興業株式会社 | AF2: 請 求 書
BO3: 請求日 | BT3: =IF(請求書!BT3="","",請求書!BT3) | BX3: 年 | BZ3: =IF(請求書!BZ3="","",請求書!BZ3) | CB3: 月 | CD3: =IF(請求書!CD3="","",請求書!CD3) | CH3: 日
W5: 作業所 御中
E6: 下記のとおり請求いたします。 | BO6: （請求者住所・氏名・捺印・電話番号）
BO7: =IF(請求書!BO7="","",請求書!BO7)
A9: 請求金額 | H9: =IF(BD65="","",BD65) | W9: （税込）
A11: 注文番号 | X11: 適用税率 | AF11: 0.1 | CG11: ㊞ | CN11: 適格請求書番号入力場所
BO12: 適格請求書発行事業者 登録番号 | CD12: 免税事業者 | CN12: =IF(請求書!CN12="","",請求書!CN12)
A13: 納入日 （施工日） | E13: 摘 要 | X13: 数 量 | AD13: 単位 | AF13: 単 価 | AM13: 契約支払の場合のみ記入する | BD13: 金 額 （税抜） | BO13: T | BQ13: =MID($CN$12,1,1) | BR13: =MID($CN$12,2,1) | BS13: =MID($CN$12,3,1) | BT13: =MID($CN$12,4,1) | BU13: =MID($CN$12,5,1) | BV13: =MID($CN$12,6,1) | BW13: =MID($CN$12,7,1) | BX13: =MID($CN$12,8,1) | BY13: =MID($CN$12,9,1) | BZ13: =MID($CN$12,10,1) | CA13: =MID($CN$12,11,1) | CB13: =MID($CN$12,12,1) | CC13: =MID($CN$12,13,1) | CD13: =IF(請求書!CF14="","",請求書!CF14) | CN13: 「T」以降の登録番号のみ入力して下さい。
BO14: 担当者 | BU14: =IF(請求書!BU14="","",請求書!BU14)
AM15: 契 約 金 額 | AW15: 出来高(数量) ％ | BD15: (累 計)
BO20: 岐南興業（株）処理欄
CL30: 〇
E48: 消費税及び地方消費税額 | AM48: =IF(H11="","",IF(H11="該当なし","",ROUNDDOWN(SUM(AM18:AV47)*0.1,0))) | BD48: =IF(BD18="","",ROUNDDOWN(SUM(BD18:BM47)*0.1,0))
A53: 合 計 （税込） | AF53: 契約金額 | AM53: =IF(H11="該当なし","該当なし",IF(H11="","",SUM(AM18:AV52))) | AW53: ① | BD53: =IF(BD18="","",SUM(BD18:BM52))
AW56: 累計請求額
AF59: 変更増減金額 | AW59: ②
AW62: 前回迄領収高
C63: 請 求 第 | L63: 回
AF65: 契約金額 計 | AM65: =IF(H11="該当なし","該当なし",IF(H11="","",SUM(AM53:AV64))) | AW65: ③ （ ①－② ） | BD65: =IF(BD53="","",BD53-BD59)
AW68: 今回請求額
E69: 対象期間 | J69: =IF(請求書!J69="","",請求書!J69) | S69: ～ | U69: =IF(請求書!U69="","",請求書!U69)
AF71: 支払条件 | AM71: 毎月15日必着分 当月末払い | AW71: 契約残高 | BD71: =IF(H11="該当なし","該当なし",IF(H11="","",(AM65-BD59-BD65)))
A77: 注意事項
A78: ※太線内のみ記入してください。
A79: ※「適格請求書発行事業者登録番号」をご入力ください。 また、免税事業者の場合「免税事業者」に「○」をご入力ください。
A80: ※請求書提出期限：毎月15日までに必着（15日以降は翌月末支払いと致します。）
A81: ※提出方法：紙または電子（PDF）いずれも可。電子によるEメール送信の場合、記名のみで押印不要です。
B82: 提出方法： | F82: 紙／電子（PDF）
B83: 送信手段： | F83: 郵送／Eメール／持参

Sheet 請求書5枚目
CB1: № | CD1: 5
B2: 岐南興業株式会社 | AF2: 請 求 書
BO3: 請求日 | BT3: =IF(請求書!BT3="","",請求書!BT3) | BX3: 年 | BZ3: =IF(請求書!BZ3="","",請求書!BZ3) | CB3: 月 | CD3: =IF(請求書!CD3="","",請求書!CD3) | CH3: 日
W5: 作業所 御中
E6: 下記のとおり請求いたします。 | BO6: （請求者住所・氏名・捺印・電話番号）
BO7: =IF(請求書!BO7="","",請求書!BO7)
A9: 請求金額 | H9: =IF(BD65="","",BD65) | W9: （税込）
A11: 注文番号 | X11: 適用税率 | AF11: 0.1 | CG11: ㊞ | CN11: 適格請求書番号入力場所
BO12: 適格請求書発行事業者 登録番号 | CD12: 免税事業者 | CN12: =IF(請求書!CN12="","",請求書!CN12)
A13: 納入日 （施工日） | E13: 摘 要 | X13: 数 量 | AD13: 単位 | AF13: 単 価 | AM13: 契約支払の場合のみ記入する | BD13: 金 額 （税抜） | BO13: T | BQ13: =MID($CN$12,1,1) | BR13: =MID($CN$12,2,1) | BS13: =MID($CN$12,3,1) | BT13: =MID($CN$12,4,1) | BU13: =MID($CN$12,5,1) | BV13: =MID($CN$12,6,1) | BW13: =MID($CN$12,7,1) | BX13: =MID($CN$12,8,1) | BY13: =MID($CN$12,9,1) | BZ13: =MID($CN$12,10,1) | CA13: =MID($CN$12,11,1) | CB13: =MID($CN$12,12,1) | CC13: =MID($CN$12,13,1) | CD13: =IF(請求書!CF14="","",請求書!CF14) | CN13: 「T」以降の登録番号のみ入力して下さい。
BO14: 担当者 | BU14: =IF(請求書!BU14="","",請求書!BU14)
AM15: 契 約 金 額 | AW15: 出来高(数量) ％ | BD15: (累 計)
BO20: 岐南興業（株）処理欄
CL30: 〇
E48: 消費税及び地方消費税額 | AM48: =IF(H11="","",IF(H11="該当なし","",ROUNDDOWN(SUM(AM18:AV47)*0.1,0))) | BD48: =IF(BD18="","",ROUNDDOWN(SUM(BD18:BM47)*0.1,0))
A53: 合 計 （税込） | AF53: 契約金額 | AM53: =IF(H11="該当なし","該当なし",IF(H11="","",SUM(AM18:AV52))) | AW53: ① | BD53: =IF(BD18="","",SUM(BD18:BM52))
AW56: 累計請求額
AF59: 変更増減金額 | AW59: ②
AW62: 前回迄領収高
C63: 請 求 第 | L63: 回
AF65: 契約金額 計 | AM65: =IF(H11="該当なし","該当なし",IF(H11="","",SUM(AM53:AV64))) | AW65: ③ （ ①－② ） | BD65: =IF(BD53="","",BD53-BD59)
AW68: 今回請求額
E69: 対象期間 | J69: =IF(請求書!J69="","",請求書!J69) | S69: ～ | U69: =IF(請求書!U69="","",請求書!U69)
AF71: 支払条件 | AM71: 毎月15日必着分 当月末払い | AW71: 契約残高 | BD71: =IF(H11="該当なし","該当なし",IF(H11="","",(AM65-BD59-BD65)))
A77: 注意事項
A78: ※太線内のみ記入してください。
A79: ※「適格請求書発行事業者登録番号」をご入力ください。 また、免税事業者の場合「免税事業者」に「○」をご入力ください。
A80: ※請求書提出期限：毎月15日までに必着（15日以降は翌月末支払いと致します。）
A81: ※提出方法：紙または電子（PDF）いずれも可。電子によるEメール送信の場合、記名のみで押印不要です。
B82: 提出方法： | F82: 紙／電子（PDF）
B83: 送信手段： | F83: 郵送／Eメール／持参

Sheet 請求書6枚目
CB1: № | CD1: 6
B2: 岐南興業株式会社 | AF2: 請 求 書
BO3: 請求日 | BT3: =IF(請求書!BT3="","",請求書!BT3) | BX3: 年 | BZ3: =IF(請求書!BZ3="","",請求書!BZ3) | CB3: 月 | CD3: =IF(請求書!CD3="","",請求書!CD3) | CH3: 日
W5: 作業所 御中
E6: 下記のとおり請求いたします。 | BO6: （請求者住所・氏名・捺印・電話番号）
BO7: =IF(請求書!BO7="","",請求書!BO7)
A9: 請求金額 | H9: =IF(BD65="","",BD65) | W9: （税込）
A11: 注文番号 | X11: 適用税率 | AF11: 0.1 | CG11: ㊞ | CN11: 適格請求書番号入力場所
BO12: 適格請求書発行事業者 登録番号 | CD12: 免税事業者 | CN12: =IF(請求書!CN12="","",請求書!CN12)
A13: 納入日 （施工日） | E13: 摘 要 | X13: 数 量 | AD13: 単位 | AF13: 単 価 | AM13: 契約支払の場合のみ記入する | BD13: 金 額 （税抜） | BO13: T | BQ13: =MID($CN$12,1,1) | BR13: =MID($CN$12,2,1) | BS13: =MID($CN$12,3,1) | BT13: =MID($CN$12,4,1) | BU13: =MID($CN$12,5,1) | BV13: =MID($CN$12,6,1) | BW13: =MID($CN$12,7,1) | BX13: =MID($CN$12,8,1) | BY13: =MID($CN$12,9,1) | BZ13: =MID($CN$12,10,1) | CA13: =MID($CN$12,11,1) | CB13: =MID($CN$12,12,1) | CC13: =MID($CN$12,13,1) | CD13: =IF(請求書!CF14="","",請求書!CF14) | CN13: 「T」以降の登録番号のみ入力して下さい。
BO14: 担当者 | BU14: =IF(請求書!BU14="","",請求書!BU14)
AM15: 契 約 金 額 | AW15: 出来高(数量) ％ | BD15: (累 計)
BO20: 岐南興業（株）処理欄
CL30: 〇
E48: 消費税及び地方消費税額 | AM48: =IF(H11="","",IF(H11="該当なし","",ROUNDDOWN(SUM(AM18:AV47)*0.1,0))) | BD48: =IF(BD18="","",ROUNDDOWN(SUM(BD18:BM47)*0.1,0))
A53: 合 計 （税込） | AF53: 契約金額 | AM53: =IF(H11="該当なし","該当なし",IF(H11="","",SUM(AM18:AV52))) | AW53: ① | BD53: =IF(BD18="","",SUM(BD18:BM52))
AW56: 累計請求額
AF59: 変更増減金額 | AW59: ②
AW62: 前回迄領収高
C63: 請 求 第 | L63: 回
AF65: 契約金額 計 | AM65: =IF(H11="該当なし","該当なし",IF(H11="","",SUM(AM53:AV64))) | AW65: ③ （ ①－② ） | BD65: =IF(BD53="","",BD53-BD59)
AW68: 今回請求額
E69: 対象期間 | J69: =IF(請求書!J69="","",請求書!J69) | S69: ～ | U69: =IF(請求書!U69="","",請求書!U69)
AF71: 支払条件 | AM71: 毎月15日必着分 当月末払い | AW71: 契約残高 | BD71: =IF(H11="該当なし","該当なし",IF(H11="","",(AM65-BD59-BD65)))
A77: 注意事項
A78: ※太線内のみ記入してください。
A79: ※「適格請求書発行事業者登録番号」をご入力ください。 また、免税事業者の場合「免税事業者」に「○」をご入力ください。
A80: ※請求書提出期限：毎月15日までに必着（15日以降は翌月末支払いと致します。）
A81: ※提出方法：紙または電子（PDF）いずれも可。電子によるEメール送信の場合、記名のみで押印不要です。
B82: 提出方法： | F82: 紙／電子（PDF）
B83: 送信手段： | F83: 郵送／Eメール／持参

Sheet 請求書7枚目
CB1: № | CD1: 7
B2: 岐南興業株式会社 | AF2: 請 求 書
BO3: 請求日 | BT3: =IF(請求書!BT3="","",請求書!BT3) | BX3: 年 | BZ3: =IF(請求書!BZ3="","",請求書!BZ3) | CB3: 月 | CD3: =IF(請求書!CD3="","",請求書!CD3) | CH3: 日
W5: 作業所 御中
E6: 下記のとおり請求いたします。 | BO6: （請求者住所・氏名・捺印・電話番号）
BO7: =IF(請求書!BO7="","",請求書!BO7)
A9: 請求金額 | H9: =IF(BD65="","",BD65) | W9: （税込）
A11: 注文番号 | X11: 適用税率 | AF11: 0.1 | CG11: ㊞ | CN11: 適格請求書番号入力場所
BO12: 適格請求書発行事業者 登録番号 | CD12: 免税事業者 | CN12: =IF(請求書!CN12="","",請求書!CN12)
A13: 納入日 （施工日） | E13: 摘 要 | X13: 数 量 | AD13: 単位 | AF13: 単 価 | AM13: 契約支払の場合のみ記入する | BD13: 金 額 （税抜） | BO13: T | BQ13: =MID($CN$12,1,1) | BR13: =MID($CN$12,2,1) | BS13: =MID($CN$12,3,1) | BT13: =MID($CN$12,4,1) | BU13: =MID($CN$12,5,1) | BV13: =MID($CN$12,6,1) | BW13: =MID($CN$12,7,1) | BX13: =MID($CN$12,8,1) | BY13: =MID($CN$12,9,1) | BZ13: =MID($CN$12,10,1) | CA13: =MID($CN$12,11,1) | CB13: =MID($CN$12,12,1) | CC13: =MID($CN$12,13,1) | CD13: =IF(請求書!CF14="","",請求書!CF14) | CN13: 「T」以降の登録番号のみ入力して下さい。
BO14: 担当者 | BU14: =IF(請求書!BU14="","",請求書!BU14)
AM15: 契 約 金 額 | AW15: 出来高(数量) ％ | BD15: (累 計)
BO20: 岐南興業（株）処理欄
CL30: 〇
E48: 消費税及び地方消費税額 | AM48: =IF(H11="","",IF(H11="該当なし","",ROUNDDOWN(SUM(AM18:AV47)*0.1,0))) | BD48: =IF(BD18="","",ROUNDDOWN(SUM(BD18:BM47)*0.1,0))
A53: 合 計 （税込） | AF53: 契約金額 | AM53: =IF(H11="該当なし","該当なし",IF(H11="","",SUM(AM18:AV52))) | AW53: ① | BD53: =IF(BD18="","",SUM(BD18:BM52))
AW56: 累計請求額
AF59: 変更増減金額 | AW59: ②
AW62: 前回迄領収高
C63: 請 求 第 | L63: 回
AF65: 契約金額 計 | AM65: =IF(H11="該当なし","該当なし",IF(H11="","",SUM(AM53:AV64))) | AW65: ③ （ ①－② ） | BD65: =IF(BD53="","",BD53-BD59)
AW68: 今回請求額
E69: 対象期間 | J69: =IF(請求書!J69="","",請求書!J69) | S69: ～ | U69: =IF(請求書!U69="","",請求書!U69)
AF71: 支払条件 | AM71: 毎月15日必着分 当月末払い | AW71: 契約残高 | BD71: =IF(H11="該当なし","該当なし",IF(H11="","",(AM65-BD59-BD65)))
A77: 注意事項
A78: ※太線内のみ記入してください。
A79: ※「適格請求書発行事業者登録番号」をご入力ください。 また、免税事業者の場合「免税事業者」に「○」をご入力ください。
A80: ※請求書提出期限：毎月15日までに必着（15日以降は翌月末支払いと致します。）
A81: ※提出方法：紙または電子（PDF）いずれも可。電子によるEメール送信の場合、記名のみで押印不要です。
B82: 提出方法： | F82: 紙／電子（PDF）
B83: 送信手段： | F83: 郵送／Eメール／持参

Sheet 請求書8枚目
CB1: № | CD1: 8
B2: 岐南興業株式会社 | AF2: 請 求 書
BO3: 請求日 | BT3: =IF(請求書!BT3="","",請求書!BT3) | BX3: 年 | BZ3: =IF(請求書!BZ3="","",請求書!BZ3) | CB3: 月 | CD3: =IF(請求書!CD3="","",請求書!CD3) | CH3: 日
W5: 作業所 御中
E6: 下記のとおり請求いたします。 | BO6: （請求者住所・氏名・捺印・電話番号）
BO7: =IF(請求書!BO7="","",請求書!BO7)
A9: 請求金額 | H9: =IF(BD65="","",BD65) | W9: （税込）
A11: 注文番号 | X11: 適用税率 | CG11: ㊞ | CN11: 適格請求書番号入力場所
BO12: 適格請求書発行事業者 登録番号 | CD12: 免税事業者 | CN12: =IF(請求書!CN12="","",請求書!CN12)
A13: 納入日 （施工日） | E13: 摘 要 | X13: 数 量 | AD13: 単位 | AF13: 単 価 | AM13: 契約支払の場合のみ記入する | BD13: 金 額 （税抜） | BO13: T | BQ13: =MID($CN$12,1,1) | BR13: =MID($CN$12,2,1) | BS13: =MID($CN$12,3,1) | BT13: =MID($CN$12,4,1) | BU13: =MID($CN$12,5,1) | BV13: =MID($CN$12,6,1) | BW13: =MID($CN$12,7,1) | BX13: =MID($CN$12,8,1) | BY13: =MID($CN$12,9,1) | BZ13: =MID($CN$12,10,1) | CA13: =MID($CN$12,11,1) | CB13: =MID($CN$12,12,1) | CC13: =MID($CN$12,13,1) | CD13: =IF(請求書!CF14="","",請求書!CF14) | CN13: 「T」以降の登録番号のみ入力して下さい。
BO14: 担当者 | BU14: =IF(請求書!BU14="","",請求書!BU14)
AM15: 契 約 金 額 | AW15: 出来高(数量) ％ | BD15: (累 計)
BO20: 岐南興業（株）処理欄
CL30: 〇
E48: 消費税及び地方消費税額 | AM48: =IF(H11="","",IF(H11="該当なし","",ROUNDDOWN(SUM(AM18:AV47)*0.1,0))) | BD48: =IF(BD18="","",ROUNDDOWN(SUM(BD18:BM47)*0.1,0))
A53: 合 計 （税込） | AF53: 契約金額 | AM53: =IF(H11="該当なし","該当なし",IF(H11="","",SUM(AM18:AV52))) | AW53: ① | BD53: =IF(BD18="","",SUM(BD18:BM52))
AW56: 累計請求額
AF59: 変更増減金額 | AW59: ②
AW62: 前回迄領収高
C63: 請 求 第 | L63: 回
AF65: 契約金額 計 | AM65: =IF(H11="該当なし","該当なし",IF(H11="","",SUM(AM53:AV64))) | AW65: ③ （ ①－② ） | BD65: =IF(BD53="","",BD53-BD59)
AW68: 今回請求額
E69: 対象期間 | J69: =IF(請求書!J69="","",請求書!J69) | S69: ～ | U69: =IF(請求書!U69="","",請求書!U69)
AF71: 支払条件 | AM71: 毎月15日必着分 当月末払い | AW71: 契約残高 | BD71: =IF(H11="該当なし","該当なし",IF(H11="","",(AM65-BD59-BD65)))
A77: 注意事項
A78: ※太線内のみ記入してください。
A79: ※「適格請求書発行事業者登録番号」をご入力ください。 また、免税事業者の場合「免税事業者」に「○」をご入力ください。
A80: ※請求書提出期限：毎月15日までに必着（15日以降は翌月末支払いと致します。）
A81: ※提出方法：紙または電子（PDF）いずれも可。電子によるEメール送信の場合、記名のみで押印不要です。
B82: 提出方法： | F82: 紙／電子（PDF）
B83: 送信手段： | F83: 郵送／Eメール／持参
